 Dungeon Crawl Stone Soup version 0.26.1-2-gb8aa6d0cf2 (webtiles) character file.

Game seed: 12185120238973823654

2527 Groucho the Covert (level 9, -2/39 HPs)
             Began as a Spriggan Enchanter on Feb 17, 2021.
             Slain by a killer bee (4 damage)
             ... on level 7 of the Dungeon.
             The game lasted 00:25:26 (15220 turns).

Groucho the Covert (Spriggan Enchanter)            Turns: 15220, Time: 00:25:26

Health: -2/39      AC:  3    Str:  7    XL:     9   Next: 29%
Magic:  16/21      EV: 19    Int: 16    God:
Gold:   233        SH:  0    Dex: 23    Spells: 14/23 levels left

rFire    . . .     SeeInvis +   a - +2 dagger
rCold    . . .     Faith    .   (shield restricted)
rNeg     + . .     Spirit   .   b - +1 robe
rPois    .         Reflect  .   (helmet restricted)
rElec    .         Harm     .   (no cloak)
rCorr    .         Rampage  .   (gloves unavailable)
Will     +....                  (boots unavailable)
Stlth    ++++++....             g - amulet of the acrobat
HPRegen  0.13/turn              h - +6 ring of dexterity
MPRegen  0.17/turn              z - ring of positive energy

@: lethally poisoned (-2 -> -10), confusing touch, very quick
A: very small, unfitting armour, see invisible, speed 3
a: no special abilities


You were on level 7 of the Dungeon.
You visited 1 branch of the dungeon, and saw 7 of its levels.
You also visited: Ossuary.

You collected 233 gold pieces.

Inventory:

Hand Weapons
 a - a +2 dagger (weapon)
 y - a cursed +2 short sword
Missiles
 v - 7 poisoned darts (quivered)
Armour
 b - a +1 robe (worn)
Jewellery
 g - an amulet of the acrobat (around neck)
 h - a +6 ring of dexterity (left hand)
 k - an uncursed amulet of magic regeneration
 z - a ring of positive energy (right hand)
Scrolls
 e - a scroll of immolation
 f - a scroll of teleportation
 m - 2 scrolls of enchant armour
 q - a scroll of magic mapping {unknown}
 s - 3 scrolls of identify
 w - 3 scrolls of amnesia
 x - 3 scrolls of remove curse
 A - a scroll of enchant weapon
 B - a scroll of summoning {unknown}
Potions
 c - 2 potions of heal wounds {unknown}
 d - a potion of flight
 i - a potion of berserk rage {unknown}
 j - a potion of mutation {unknown}
 l - 2 potions of lignification {unknown}
 n - a potion of invisibility {unknown}
 o - a potion of curing
 p - a potion of cancellation {unknown}
 r - a potion of ambrosia {unknown}
 t - 3 potions of brilliance {unknown}
 u - 2 potions of haste


   Skills:
 - Level 1.1 Short Blades
 - Level 3.0 Dodging
 * Level 14.1 Stealth
 + Level 7.9 Spellcasting
 + Level 8.2 Hexes


You had 14 spell levels left.
You knew the following spells:

 Your Spells              Type           Power        Failure   Level
a - Corona                Hex            35%          1%          1
b - Ensorcelled Hibernat  Hex/Ice        38%          3%          2
c - Confusing Touch       Hex            32%          1%          3
d - Tukima's Dance        Hex            32%          1%          3

Your spell library contained the following spells:

 Spells                   Type           Power        Failure   Level
 Dazzling Flash           Conj/Hex       38%          6%          3
 Freeze                   Ice            24%          12%         1
 Frozen Ramparts          Ice            12%          34%         3
 Ozocubu's Armour         Ice            6%           34%         3
 Hailstorm                Conj/Ice       6%           75%         4
 Summon Ice Beast         Ice/Summ       6%           75%         4


Dungeon Overview and Level Annotations

Branches:
Dungeon (6/15)            Ossuary (visited)
 Temple: D:4-7

Altars:
Cheibriados
Sif Muna

Annotations:
D:6 Edmund


Innate Abilities, Weirdness & Mutations

You are very small and have problems with some larger weapons.
You are too small for most types of armour.
You have supernaturally acute eyesight. (SInv)
You cover ground extremely quickly.


Message History

You closely miss the killer bee.
The killer bee buzzes angrily.
The adder hisses angrily.
The killer bee stings you! The killer bee closely misses you.
The killer bee stings you. x2
You are too injured to fight recklessly!
The killer bee stings you but does no damage.
There is an open door here.
You barely miss the killer bee. The killer bee stings you.
* * * LOW HITPOINT WARNING * * *
You are poisoned.
The killer bee poisons you!
Unknown command.
Unknown command.
Unknown command.
You miss the killer bee.
You feel sick. The killer bee stings you!
* * * LOW HITPOINT WARNING * * *
You are more poisoned.
The killer bee poisons you! The killer bee misses you.
The killer bee stings you.
You die...

#..##..#....#.....#
#......#....#....##....#
+......#....#....##....#
#..##..#....#....##....#
#..##..#....'....#.....#
#####..'....#....##.y.$#
#..##..#†...#....##....#
#......#....#...y##....#
'......#....#...@y.S...#
#......#....#...y#.....#
##.###.#....#######....#
.#.###.####..... #....#
.#........#......#...†.#
.#........#......#...$.#
.#........#......#.....#
.########'#......#####'#
##................... ..


You could see 3 killer bees and an adder.

Vanquished Creatures
  Grinder (D:5)
  Prince Ribbit (D:5)
  Sigmund (D:4)
  Eustachio (D:4)
  An orc warrior (D:7)
  An ice beast (D:7)
  A phantom (D:7)
  An elf zombie (Ossuary)
  A big kobold (D:7)
  Blork the orc (D:4)
  A gnoll sergeant (D:7)
  A killer bee (D:7)
  5 wights
  A howler monkey (D:7)
  A centaur zombie (D:4)
  3 bullfrog zombies (D:4)
  A quasit (D:5)
  3 human zombies (Ossuary)
  An orc priest (D:5)
  2 hounds
  3 centaur skeletons (D:4)
  2 orc wizards (D:5)
  3 iguanas
  2 worker ants
  A killer bee zombie (D:7)
  A big kobold zombie (Ossuary)
  4 hound zombies (D:4)
  2 hound skeletons (D:4)
  2 mummies (Ossuary)
  2 worker ant zombies (D:4)
  A howler monkey zombie (D:4)
  A gnoll (D:5)
  A howler monkey skeleton (D:4)
  A river rat (D:3)
  4 adders
  A shadow imp (D:5)
  2 ufetubi (D:5)
  2 oozes
  3 adder zombies (D:4)
  3 adder skeletons
  4 worms
  7 dart slugs
  3 leopard geckos
  2 orcs (D:5)
  6 bats
  9 giant cockroaches
  6 goblins
  9 hobgoblins
  4 jackals (D:1)
  3 quokkas
  3 ball pythons
  3 frilled lizards
  A giant cockroach zombie (D:4)
  2 goblin zombies (Ossuary)
  5 hobgoblin zombies (Ossuary)
  A jackal skeleton (D:4)
  2 jackal zombies (Ossuary)
  16 kobolds
  13 kobold zombies (Ossuary)
  3 leopard gecko zombies (D:4)
  9 orc zombies (Ossuary)
  A quokka zombie (D:4)
  15 rats
  A rat zombie (Ossuary)
198 creatures vanquished.

Vanquished Creatures (others)
  7 withered plants (D:4)
7 creatures vanquished.

Grand Total: 205 creatures vanquished

Notes
Turn   | Place    | Note
-------+----------+-------------------------------------------
     0 | D:1      | Groucho the Spriggan Enchanter began the quest for the Orb.
     0 | D:1      | Reached XP level 1. HP: 9/9 MP: 5/5
    65 | D:1      | Reached skill level 5 in Stealth
   512 | D:1      | Reached XP level 2. HP: 10/13 MP: 6/6
  1042 | D:1      | Reached skill level 6 in Stealth
  1529 | D:1      | Learned a level 2 spell: Ensorcelled Hibernation
  1679 | D:1      | Reached XP level 3. HP: 16/16 MP: 8/8
  3573 | D:2      | Learned a level 3 spell: Confusing Touch
  3957 | D:3      | Reached XP level 4. HP: 21/21 MP: 9/9
  3962 | D:3      | Learned a level 3 spell: Tukima's Dance
  3977 | D:3      | Found a glowing drain.
  3985 | D:3      | Reached skill level 7 in Stealth
  4711 | D:3      | Found a snail-covered altar of Cheibriados.
  4978 | D:3      | Found a shimmering blue altar of Sif Muna.
  5582 | D:3      | Reached XP level 5. HP: 24/24 MP: 6/11
  6099 | D:4      | Reached skill level 8 in Stealth
  7194 | D:4      | Reached XP level 6. HP: 28/28 MP: 13/13
  7228 | D:4      | Reached skill level 5 in Hexes
  7420 | D:4      | Reached skill level 9 in Stealth
  8284 | D:4      | Noticed Sigmund
  8313 | D:4      | Killed Sigmund
  8314 | D:4      | Reached skill level 10 in Stealth
  8314 | D:4      | Reached skill level 5 in Spellcasting
  8314 | D:4      | Reached XP level 7. HP: 28/32 MP: 12/15
  8407 | D:4      | Noticed Eustachio
  9062 | D:4      | Noticed Blork the orc
  9066 | D:4      | Killed Eustachio
  9076 | D:4      | Killed Blork the orc
  9764 | D:4      | Reached skill level 11 in Stealth
 10110 | D:5      | Entered Level 5 of the Dungeon
 10122 | D:5      | Found a sand-covered staircase.
 10129 | Ossuary  | Entered an ossuary
 11493 | Ossuary  | Reached XP level 8. HP: 36/36 MP: 14/18
 12433 | D:4      | Reached skill level 12 in Stealth
 12821 | D:5      | Noticed Prince Ribbit
 12858 | D:5      | Killed Prince Ribbit
 13302 | D:5      | Noticed Grinder
 13322 | D:6      | Noticed Edmund
 13416 | D:5      | Killed Grinder
 13417 | D:5      | Reached skill level 13 in Stealth
 13848 | D:5      | You fall into a shaft and drop 2 floors!
 13871 | D:7      | Reached XP level 9. HP: 39/39 MP: 16/21
 14493 | D:7      | HP: 1/39 [gnoll sergeant/+0 trident (9)]
 15202 | D:7      | Reached skill level 14 in Stealth
 15220 | D:7      | Slain by a killer bee

Illustrated notes

Levels and vault maps discovered:
D:1:      minmay_arrival_glassed_features, layout_loops_ring
D:2:      layout_rooms
D:3:      layout_loops_ring, lemuel_doored_altar, portal_sewer_entry_c,
          lemuel_blue_sif_altar
D:4:      layout_basic, serial_undead, serial_undead_b, serial_undead_b,
          serial_undead_e, serial_undead_d, serial_undead_e, serial_undead_d,
          serial_undead_c, serial_undead_d, serial_undead_b, serial_undead_d,
          kennysheep_doodads, minmay_crossroads, uniq_sigmund, uniq_eustachio,
          uniq_blork_the_orc
D:5:      minmay_evil_eye, layout_loops_ring, temple_green,
          chequers_ossuary_entry_cave, uniq_grinder, uniq_prince_ribbit1
D:6:      layout_basic, uniq_edmund, uniq_pikel
D:7:      layout_gridville, basic_altar, sword_in_stone

Skill      XL: |  1  2  3  4  5  6  7  8  9 |
---------------+----------------------------+-----
Stealth        | 5 6 7 8 10 11 13 14 | 14.1
Spellcasting   | 3 4 5 6 7 |  7.9
Hexes          | 4 5 6 7 8 |  8.2
Short Blades   | |  1.1
Dodging        | |  3.0

Action                   |  1- 3 |  4- 6 |  7- 9 || total
-------------------------+-------+-------+-------++-------
Melee: Dagger            |   211 |   199 |   324 ||   734
Throw: Dart              |       |     3 |    16 ||    19
 Cast: Ensorcelled Hiber |     5 |    20 |    31 ||    56
       Corona            |       |     1 |       ||     1
       Confusing Touch   |       |    19 |    56 ||    75
  Use: Potion            |     1 |       |     3 ||     4
       Scroll            |     3 |     4 |     6 ||    13
 Stab: Sleeping          |    17 |    25 |    36 ||    78
       Distracted        |       |     1 |       ||     1
       Confused          |       |    15 |    55 ||    70
Armor: Robe              |     9 |    15 |    24 ||    48
Dodge: Dodged            |   153 |   160 |   178 ||   491
